 Dungeon Crawl Stone Soup version 0.21-a0-19-g210df22 (webtiles) character file.

612221 xgamer67 the Carver (level 27, -7/201 HPs)
             Began as a Gnoll Wanderer on May 24, 2017.
             Was the Champion of Okawaru.
             Mangled by a death cob (12 damage)
             ... on level 5 of the Realm of Zot on May 25, 2017.
             The game lasted 07:53:26 (89455 turns).

xgamer67 the Carver (Gnoll Wanderer)               Turns: 89455, Time: 07:53:27

Health: -7/201     AC: 25    Str: 18    XL:     27
Magic:  9/37       EV: 24    Int: 25    God:    Okawaru [******]
Gold:   260        SH: 23    Dex: 21    Spells: 8/46 levels left

rFire    + . .     SeeInvis +   a - +9 demon blade (pain)
rCold    + . .     Gourm    .   S - +2 shield {rPois}
rNeg     . . .     Faith    .   y - +3 ring mail of Mental Paralysis {rPois rC+ Regen+ Int+3}
rPois    +         Spirit   .   Q - +0 mask of the Dragon {MR+ Slay+3 SInv}
rElec    +         Reflect  +   A - scarf {rC+ rF+}
rCorr    .         Harm     .   x - +2 pair of gloves {Str+3}
MR       +++..                  N - +2 pair of boots of Cekus {Slay+3}
Stlth    ++++++....             K - amulet "Jociebir" {Reflect Int+4 SH+6}
Regen    0.9/turn               n - ring of Boukijo {rElec rC- AC+2 Int+2 Slay+3}
MPRegen  0.3/turn               k - ring of Geptov {MR+ Slay+3}

@: heroism, slowed, very slow
A: short attention span, fangs 1, slimy green scales 1, yellow scales 1, blurry
vision 1, clever 1, screaming 1, strong nose
}: 3/15 runes: decaying, slimy, gossamer
a: Heroism, Finesse, Renounce Religion


You were on level 5 of the Realm of Zot.
You worshipped Okawaru.
Okawaru was exalted by your worship.
You were not hungry.

You visited 11 branches of the dungeon, and saw 53 of its levels.
You visited the Abyss 1 time.
You visited 1 ziggurat, and saw 2 of its levels.
You also visited: Labyrinth, Bailey and Ice Cave.

You collected 5934 gold pieces.
You spent 5674 gold pieces at shops.

Inventory:

Hand Weapons
 a - a +9 demon blade of pain (weapon)
 b - a +6 fustibalus of flaming
 Z - the +7 lajatang of Order {silver, rMut}
   (You found it in a labyrinth)

   It protects you from mutation.
Missiles
 P - 982 sling bullets
Armour
 x - a +2 pair of gloves of strength (worn)
 y - the +3 ring mail of Mental Paralysis (worn) {rPois rC+ Regen+ Int+3}
   (You found it on level 3 of the Spider Nest)

   It affects your intelligence (+3).
   It protects you from cold.
   It protects you from poison.
   It increases your rate of regeneration.
 A - a scarf of resistance (worn)
 N - the +2 pair of boots of Cekus (worn) {Slay+3}
   (Okawaru gifted it to you on level 1 of the Realm of Zot)

   It affects your accuracy and damage with ranged weapons and melee attacks
   (+3).
 Q - the +0 mask of the Dragon (worn) {MR+ Slay+3 SInv}
   (You found it on level 4 of the Depths)

   It affects your accuracy and damage with ranged weapons and melee attacks
   (+3).
   It affects your resistance to hostile enchantments.
   It lets you see invisible.
 S - a +2 shield of poison resistance (worn)
Jewellery
 e - the ring of Iwnuj {rElec rC+ MP+9}
   (You found it on level 1 of the Realm of Zot)

   [ring of protection from cold]

   It protects you from cold.
   It insulates you from electricity.
   It affects your magic capacity (+9).
 k - the ring of Geptov (right hand) {MR+ Slay+3}
   (You acquired it on level 6 of the Dungeon)

   [ring of protection from magic]

   It affects your accuracy and damage with ranged weapons and melee attacks
   (+3).
   It affects your resistance to hostile enchantments.
 n - the ring of Boukijo (left hand) {rElec rC- AC+2 Int+2 Slay+3}
   (You bought it in a shop on level 2 of the Depths)

   [ring of protection]

   It affects your AC (+2).
   It affects your intelligence (+2).
   It affects your accuracy and damage with ranged weapons and melee attacks
   (+3).
   It makes you vulnerable to cold.
   It insulates you from electricity.
 J - an uncursed ring of protection from fire
 K - the amulet "Jociebir" (around neck) {Reflect Int+4 SH+6}
   (You bought it in a shop on level 2 of the Depths)

   [amulet of reflection]

   It shields you and reflects attacks.
   It affects your intelligence (+4).
   It affects your SH (+6).
 M - an uncursed ring of positive energy
 T - an uncursed ring of resist corrosion
Wands
 g - a wand of acid (13/15)
 m - a wand of digging (7/24)
 s - a wand of disintegration (12/24)
 t - a wand of paralysis (10/24)
 E - a wand of polymorph (12/24)
 X - a wand of enslavement (8/24)
Scrolls
 c - 3 scrolls of holy word
 h - 7 scrolls of fog
 p - 3 scrolls of teleportation
 q - 3 scrolls of recharging
 r - a scroll of silence
 O - 2 scrolls of blinking
 U - 6 scrolls of identify
Potions
 i - 8 potions of cancellation
 o - 3 potions of brilliance
 w - 2 potions of haste
 z - 6 potions of curing
 C - 3 potions of resistance
 F - 2 potions of magic
 I - 2 potions of invisibility
 L - 3 potions of agility
 R - a potion of flight
 Y - 3 potions of might
Miscellaneous
 d - a fan of gales
 u - 2 boxes of beasts
 B - a lightning rod (4/4)
 H - a phantom mirror
 W - a lamp of fire
Comestibles
 j - 34 meat rations
 l - 23 fruits


   Skills:
 + Level 13.3(18.3) Fighting
 - Level 14.0(19.0) Long Blades
 - Level 11.0(16.0) Staves
 - Level 10.0(15.0) Slings
 - Level 11.0(16.0) Armour
 - Level 11.0(16.0) Dodging
 - Level 10.0(15.0) Stealth
 - Level 13.0(18.0) Shields
 - Level 10.0 Spellcasting
 - Level 9.0 Hexes
 - Level 4.0 Charms
 - Level 12.1 Summonings
 - Level 12.1 Necromancy
 - Level 6.0 Translocations
 - Level 2.4 Transmutations
   Level 3.2 Fire Magic
 - Level 10.0 Air Magic
 - Level 2.2 Earth Magic
 - Level 9.1 Invocations
 - Level 10.0 Evocations


You had 8 spell levels left.
You knew the following spells:

 Your Spells              Type           Power        Failure   Level  Hunger
a - Animate Skeleton      Necr           N/A          1%          1    None
b - Blink                 Tloc           N/A          1%          2    None
c - Apportation           Tloc           #####.       1%          1    None
d - Swiftness             Chrm/Air       #####...     1%          2    None
e - Airstrike             Air            ######....   1%          4    None
f - Confuse               Hex            ######..     1%          3    None
g - Gell's Gravitas       Tloc           #####.....   1%          3    None
h - Summon Lightning Spi  Summ/Air       ######..     1%          4    None
i - Tukima's Dance        Hex            ######..     1%          3    None
j - Song of Slaying       Chrm           ####....     1%          2    None
k - Shadow Creatures      Summ           N/A          8%          6    #####..
l - Silence               Hex/Air        ######....   3%          5    ####...
m - Passwall              Tmut/Erth      ###.......   4%          2    None


Dungeon Overview and Level Annotations

Branches:
Dungeon (15/15)            Temple (1/1) D:4            Lair (6/6) D:10
  Swamp (4/4) Lair:2       Spider (4/4) Lair:2        Slime (5/5) Lair:6
    Orc (2/2) D:11            Elf (2/3) Orc:2        Vaults (4/5) D:13
  Crypt (0/3) Vaults:2     Depths (5/5) D:15            Zot (5/5) Depths:5

Altars:
Ashenzari
Cheibriados
Dithmenos
Elyvilon
Fedhas
Gozag
Hepliaklqana
Kikubaaqudgha
Makhleb
Nemelex Xobeh
Okawaru
Qazlal
Ru
Sif Muna
Trog
Uskayaw
Vehumet
Wu Jian
Xom
Yredelemnul
Zin
The Shining One
Beogh
Jiyva
Lugonu

Shops:
D:6 *!?*   D:7 }   D:9 =!(}   Orc:2 [(![%   Elf:1 !   Depths:2 =}=

Portals:
Hell: Depths:1 Depths:2 Depths:3 Depths:4 Depths:5
Abyss: Depths:4 Depths:5
Pandemonium: Depths:3

Annotations:
Swamp:2 Frances
Depths:4 Xtahua


Innate Abilities, Weirdness & Mutations

You have a short attention span.
You have very sharp teeth.
Your uncanny sense of smell can sniff out nearby items.
You are partially covered in slimy green scales. (AC +2)
You are partially covered in yellow scales. (AC +2)
Scrolls take you a little longer to read.
Your mind is acute. (Int +2)
You occasionally shout uncontrollably at your foes.


Message History

You feel your power leaking away. You block the death cob's attack.
The Orb Guardian hits you!!!
* * * LOW HITPOINT WARNING * * *
The death cob hits you.
* * * LOW HITPOINT WARNING * * *
The death cob drains your vigour!
You feel as though you will be slow longer.
Your blink will be uncontrolled - continue anyway?
Really read with blurry vision while enemies are nearby?
The Orb Guardian hits you but does no damage.
The death cob misses you.
You riposte.
You slice the death cob!!
The death cob is moderately damaged.
The Orb Guardian hits you but does no damage.
The ghost moth stares at you.
You feel your power leaking away.
You begin reading the scroll.
You continue reading the scroll.
The death cob hits you but does no damage.
You block the death cob's attack. You block the Orb Guardian's attack.
The death cob hits you!
You die...

..^(..### ###..(.......
..##....## ##....##y...X.
.,,###...###########...###,...(..
,,,,*##...............##*,,......
,,,,* ##............X## *,,.y....
,,,,* #.............# *,,z.....
,,,,* ##........y..## *,,.X..y.
,,,,* #.......Xz..# *,,......
,,,,* ##.......@...## *,,,,,,,,
∆,,** #.............# **,,,,,,,
,,** ##.............#* **,,,,,,
,** #...............# **,,,,,
**▓▓▓▓########.########▓▓▓▓******
###...########.##...#.....#
#.......(.....)†..........#
#.....................#...##
#...#########.<.###..###...##


You could see a tentacled monstrosity, a death cob, an Orb Guardian (berserk)
and a ghost moth (invisible).

Vanquished Creatures
  the Royal Jelly (Slime:5)
  An ancient lich (Zot:5)
  The ghost of Vajrapani the Sensei, a legendary OpEE of Dithmenos (Zot:5)
  An orb of fire (Zot:2)
  Sojobo (Depths:2)
  Saint Roka (Depths:2)
  2 curse toes
  2 Killer Klowns (Zot:5)
  7 golden dragons
  A bone dragon (Depths:5)
  Arachne (Spider:4)
  A Tzitzimitl (Zig:1)
  5 liches
  13 tentacled monstrosities
  3 electric golems
  Rupert (D:13)
  6 Orb Guardians
  2 titans (Depths:4)
  23 acid blobs
  An ancient champion (Vaults:2)
  12 quicksilver dragons
  4 death cobs
  Gastronok (D:9)
  A thorn hunter (Swamp:1)
  Agnes (D:15)
  7 tengu reavers
  14 azure jellies
  8 shadow dragons
  8 draconian monks
  Aizul (Spider:4)
  15 storm dragons
  9 fire giants
  3 deep elf sorcerers
  7 draconian knights
  4 draconian scorchers
  7 ghost moths
  12 frost giants
  6 vault wardens
  Louise (Depths:4)
  4 draconian stormcallers
  6 emperor scorpions (Spider:4)
  2 draconian shifters
  A deep elf elementalist (Depths:4)
  A spriggan defender (Depths:4)
  17 ironheart preservers
  5 draconian annihilators
  32 very ugly things
  20 stone giants
  11 black draconians
  7 entropy weavers
  2 black suns (Zig:2)
  Nessos (D:13)
  12 green draconians
  3 deep elf demonologists
  3 vampire knights
  4 purple draconians
  15 yellow draconians
  A dire elephant (D:15)
  3 deep elf annihilators
  8 red draconians
  8 spark wasps
  7 white draconians
  6 ettins
  Snorg (Lair:5)
  7 deep elf death magi
  8 death oozes
  Josephine (D:14)
  16 fire dragons
  10 great orbs of eyes
  A deep elf high priest (Depths:4)
  A minotaur (Lab)
  5 yaktaur captains
  A jiangshi (Vaults:2)
  17 ogre magi
  The ghost of mcbry the Brawler, a journeyman TrMo of Wu Jian (D:10)
  2 ghost crabs (Swamp:4)
  27 hydras
  A rakshasa (Depths:4)
  2 vault guards
  17 ice dragons
  2 catoblepae
  18 centaur warriors
  3 spriggan air magi (Depths:4)
  Erica (Lair:2)
  52 two-headed ogres
  3 death knights
  9 deep troll shamans
  12 dancing weapons
  8 deep troll earth magi
  5 tengu warriors
  A hell hog (Depths:3)
  4 alligators
  2 orc high priests (Orc:2)
  15 death yaks
  2 vampire magi (Depths:3)
  3 small abominations
  A soul eater (Depths:5)
  11 spriggan berserkers
  12 spriggans
  12 deep elf knights
  A fire crab (Lair:6)
  10 skeletal warriors
  8 hell knights
  A fire crab (shapeshifter) (Depths:4)
  2 shadow wraiths
  34 deep trolls
  3 iron trolls
  3 glowing orange brains
  4 unseen horrors
  3 flayed ghosts
  A golden dragon zombie (Depths:3)
  7 spriggan druids
  12 swamp dragons
  17 deep elf archers
  11 ironbrand convokers
  4 wizards
  5 shambling mangroves
  13 orc knights
  16 orb spiders
  An iron dragon zombie (Depths:3)
  2 phantasmal warriors (Vaults:4)
  A lindwurm (Lair:6)
  4 manticores
  An orb spider (shapeshifter) (Depths:1)
  45 wolf spiders
  3 necromancers
  50 deep elf magi
  5 orc sorcerers
  74 ugly things
  3 shining eyes
  A shining eye (shapeshifter) (Depths:5)
  A frost giant zombie (Vaults:1)
  A human zombie (Vaults:1)
  27 moths of wrath
  7 cyclopes
  An ice statue (IceCv)
  13 elephants (Lair:6)
  An iron dragon skeleton (Depths:3)
  9 black mambas
  A gargoyle (D:12)
  9 torpor snails
  8 vault sentinels
  3 eyes of devastation (Slime:5)
  16 spiny frogs
  A spriggan skeleton (Depths:3)
  2 kobold demonologists (D:12)
  39 yaktaurs
  14 freezing wraiths
  13 komodo dragons
  2 rime drakes
  13 demonic crawlers
  3 tengu conjurers
  9 meliai
  A wind drake (shapeshifter) (Elf:2)
  A troll (shapeshifter) (Elf:1)
  9 trolls
  18 polar bears
  51 jumping spiders
  30 hornets
  10 tyrant leeches
  2 wolf spider simulacra (IceCv)
  2 raiju (Lair:6)
  31 blink frogs
  10 bog bodies
  114 slime creatures
  A human simulacrum (Vaults:2)
  An ettin zombie (Vaults:1)
  4 dream sheep (Lair:6)
  11 hippogriffs
  123 redbacks
  4 shadows
  6 air elementals
  40 tarantellas
  A redback (shapeshifter) (Depths:4)
  2 water elementals
  A vampire (D:15)
  15 yaks
  3 wyverns
  15 humans (D:13)
  A steam dragon (shapeshifter) (Depths:4)
  10 wraiths
  A basilisk (shapeshifter) (Vaults:4)
  A hog (shapeshifter) (Vaults:4)
  22 vampire mosquitoes
  Grum (D:9)
  5 basilisks
  2 hungry ghosts
  3 fire elementals
  9 golden eyes (Slime:5)
  Menkaure (D:6)
  7 insubstantial wisps (Swamp:1)
  An elf zombie (Vaults:1)
  An acid dragon (D:14)
  15 wargs
  18 water moccasins
  28 swamp worms
  3 floating eyes
  24 hell hounds
  Duvessa (D:4)
  16 swamp drakes
  48 orc warriors
  8 porcupines
  13 black bears
  4 eyes of draining
  12 ice beasts
  7 sky beasts
  4 phantoms
  2 elf skeletons
  39 centaurs
  6 boggarts
  21 wolves
  38 ogres
  10 crocodiles
  A big kobold (D:8)
  21 bullfrogs
  An earth elemental (Elf:1)
  A gnoll sergeant (D:9)
  Dowan (D:4)
  A wyvern skeleton (D:14)
  6 scorpions
  12 killer bees
  11 howler monkeys
  7 wights
  5 electric eels
  8 crimson imps
  A centaur zombie (D:11)
  10 hounds
  2 draconian simulacra (IceCv)
  26 orc wizards
  22 orc priests
  4 jellies
  4 centaur skeletons
  4 bullfrog skeletons
  2 iguanas (D:7)
  5 troll simulacra (IceCv)
  11 worker ants
  A polar bear simulacrum (IceCv)
  2 spriggan simulacra (IceCv)
  A wolf simulacrum (IceCv)
  5 centaur simulacra (IceCv)
  A hound zombie (D:11)
  A hound skeleton (D:4)
  Robin (D:2)
  A howler monkey zombie (D:10)
  24 adders
  16 gnolls
  4 naga simulacra (IceCv)
  2 ogre simulacra (IceCv)
  3 shadow imps
  12 white imps (IceCv)
  2 oozes
  2 adder zombies
  5 worms
  A dart slug (D:3)
  12 leopard geckos
  105 orcs
  9 giant cockroaches
  25 goblins
  12 hobgoblins
  24 jackals
  3 quokkas
  7 ball pythons
  A ball python zombie (D:6)
  9 bats
  3 frilled lizards
  A jackal skeleton (D:6)
  25 kobolds
  A leopard gecko skeleton (D:6)
  17 rats
  A fungus (Lair:6)
  A plant (Lair:6)
2600 creatures vanquished.

Vanquished Creatures (collateral kills)
  2 acid blobs (Slime:5)
  4 azure jellies (Slime:5)
  A yellow draconian (Zot:5)
  A moth of wrath (Zot:3)
  A slime creature (Vaults:1)
9 creatures vanquished.

Vanquished Creatures (others)
  An orc warlord (Orc:2)
  A stone giant (Depths:5)
  A deep elf knight (Elf:2)
  A hell knight (Depths:2)
  An orb spider (Spider:4)
  2 deep elf magi (Elf:1)
  An ugly thing (D:14)
  2 yaktaurs (Depths:5)
  A redback (Spider:4)
  A boggart (Depths:2)
  3 orcs
  A briar patch (Swamp:3)
  35 fungi
  62 plants
113 creatures vanquished.

Grand Total: 2722 creatures vanquished

Notes
Turn   | Place    | Note
-------+----------+-------------------------------------------
     0 | D:1      | xgamer67 the Gnoll Wanderer began the quest for the Orb.
     0 | D:1      | xgamer67 set off with: a +2 falchion, 2 potions of curing, a +0 robe, a bread ration
     0 | D:1      | Reached XP level 1. HP: 18/18 MP: 3/3
   171 | D:1      | You fall through a shaft!
   172 | D:2      | Reached skill level 4 in Long Blades
   225 | D:2      | Reached XP level 2. HP: 12/24 MP: 4/4
   721 | D:1      | Reached skill level 5 in Long Blades
  1006 | D:1      | You fall through a shaft!
  1017 | D:2      | Reached XP level 3. HP: 28/29 MP: 5/5
  1240 | D:3      | Reached skill level 6 in Long Blades
  1295 | D:4      | Noticed Duvessa
  1295 | D:4      | Noticed Dowan
  1334 | D:4      | Reached skill level 1 in Armour
  1334 | D:4      | Reached skill level 1 in Dodging
  1373 | D:4      | Reached XP level 4. HP: 35/35 MP: 6/6
  1777 | D:3      | Reached XP level 5. HP: 36/41 MP: 7/7
  1882 | D:3      | Reached skill level 5 in Fighting
  2201 | D:3      | Noticed an ice beast
  2664 | D:2      | Reached XP level 6. HP: 41/52 MP: 8/8
  2863 | D:2      | Noticed Robin
  2871 | D:2      | Killed Robin
  3240 | D:2      | Found a sacrificial altar of Ru.
  3428 | D:2      | Killed an ice beast
  3428 | D:2      | Reached skill level 7 in Long Blades
  3837 | D:3      | Reached XP level 7. HP: 59/59 MP: 9/9
  4351 | D:4      | Reached skill level 1 in Slings
  4464 | D:5      | Entered Level 5 of the Dungeon
  4582 | D:5      | Got a bloodstained ring mail
  5245 | D:6      | Found Founish's Distillery.
  5267 | D:6      | Bought a potion of heal wounds for 60 gold pieces
  5267 | D:6      | Bought a potion of degeneration for 12 gold pieces
  5267 | D:6      | Bought a potion of lignification for 36 gold pieces
  5319 | D:6      | Reached skill level 5 in Armour
  5319 | D:6      | Reached XP level 8. HP: 65/65 MP: 10/10
  5370 | D:6      | Reached skill level 5 in Dodging
  5469 | D:6      | Found Dajeann's Assorted Antiques.
  5478 | D:6      | Bought an emerald potion for 18 gold pieces
  5478 | D:6      | Bought a scroll of identify for 42 gold pieces
  5968 | D:6      | Reached skill level 8 in Long Blades
  6101 | D:6      | Found Xuuneow's Magic Scroll Emporium.
  6106 | D:6      | Bought a scroll of identify for 26 gold pieces
  6106 | D:6      | Bought a scroll of teleportation for 39 gold pieces
  6106 | D:6      | Bought a scroll of identify for 26 gold pieces
  6124 | D:6      | Identified the cursed +0 ring mail of Free Will {rF+ Dex+4} (You found it on level 5 of the Dungeon)
  6125 | D:6      | Gained mutation: You are partially covered in slimy green scales. (AC +2) [potion of mutation]
  6125 | D:6      | Gained mutation: Your mind is acute. (Int +2) [potion of mutation]
  6125 | D:6      | Gained mutation: You are partially covered in yellow scales. (AC +2) [potion of mutation]
  6215 | D:6      | Found Eposuhusid's General Store.
  6935 | D:7      | Noticed Menkaure
  6938 | D:7      | Found Ecruylich's Gadget Shop.
  7270 | D:7      | Reached XP level 9. HP: 74/74 MP: 11/11
  7752 | D:7      | Reached skill level 5 in Stealth
  8324 | D:4      | Found a staircase to the Ecumenical Temple.
  8351 | D:4      | Killed Duvessa
  8351 | D:4      | Reached skill level 5 in Evocations
  8353 | D:4      | Killed Dowan
  8448 | Temple   | Entered the Ecumenical Temple
  8631 | Temple   | Became a worshipper of Warmaster Okawaru
  9027 | D:7      | Reached skill level 1 in Invocations
  9551 | D:6      | Killed Menkaure
  9858 | D:8      | Found a burning altar of Makhleb.
  9958 | D:8      | Noticed a two-headed ogre
  9974 | D:8      | Found a stormy altar of Qazlal.
 10287 | D:8      | Reached * piety under Okawaru
 10298 | D:8      | Killed a two-headed ogre
 10298 | D:8      | Reached XP level 10. HP: 42/80 MP: 14/14
 10328 | D:8      | Reached skill level 5 in Slings
 10948 | D:8      | HP: 2/80 [orc/trident of distortion (20)]
 11376 | D:8      | Reached skill level 5 in Shields
 11447 | D:6      | Bought a scroll of remove curse for 63 gold pieces
 11669 | D:8      | Found a shattered altar of Ashenzari.
 11671 | D:8      | Found a shadowy altar of Dithmenos.
 11949 | D:8      | Reached ** piety under Okawaru
 12032 | D:8      | Noticed a brown ugly thing
 12045 | D:8      | Killed a brown ugly thing
 12244 | D:9      | Got a dazzling ring mail
 12255 | D:9      | Found a sparkling altar of Nemelex Xobeh.
 12306 | D:9      | Noticed Grum
 12359 | D:10     | Entered Level 10 of the Dungeon
 12414 | D:10     | Reached skill level 5 in Spellcasting
 12578 | D:10     | Noticed mcbry's ghost (journeyman TrMo)
 12624 | D:11     | Noticed a two-headed ogre
 12641 | D:11     | Killed a two-headed ogre
 12673 | D:11     | Reached XP level 11. HP: 72/86 MP: 19/19
 12806 | D:11     | Noticed a purple ugly thing
 12948 | D:11     | Reached *** piety under Okawaru
 12958 | D:11     | Reached skill level 9 in Long Blades
 13443 | D:11     | Found a staircase to the Orcish Mines.
 13492 | D:11     | Noticed an unseen horror
 13507 | D:11     | Killed an unseen horror
 13847 | D:11     | Reached **** piety under Okawaru
 14469 | D:9      | Noticed Gastronok
 14568 | D:9      | Found Usmoaj's Distillery.
 14585 | D:9      | Bought a potion of flight for 36 gold pieces
 14599 | D:9      | Learned a level 1 spell: Animate Skeleton
 14743 | D:9      | Found Detim's Jewellery Shop.
 14824 | D:9      | Found Qaig's Weapon Boutique.
 14887 | D:9      | Reached skill level 1 in Necromancy
 15042 | D:9      | Found Ynoerchej's Gadget Emporium.
 15417 | D:10     | Received a gift from Okawaru
 15467 | D:10     | Reached ***** piety under Okawaru
 15721 | D:10     | Found a staircase to the Lair.
 15731 | Lair:1   | Entered Level 1 of the Lair of Beasts
 15918 | Lair:1   | Learned a level 1 spell: Confusing Touch
 15920 | Lair:1   | Learned a level 1 spell: Apportation
 16046 | Lair:1   | Reached skill level 1 in Hexes
 16046 | Lair:1   | Reached skill level 1 in Translocations
 16650 | Lair:1   | Received a gift from Okawaru
 16650 | Lair:1   | Reached XP level 12. HP: 71/95 MP: 18/21
 17559 | Lair:2   | Noticed Erica
 17584 | Lair:2   | Killed Erica
 17657 | Lair:2   | Found a frozen archway.
 17666 | IceCv    | Entered an ice cave
 18240 | IceCv    | Reached skill level 10 in Long Blades
 18397 | IceCv    | Found an ancient bone altar of Kikubaaqudgha.
 19359 | IceCv    | Received a gift from Okawaru
 19660 | Lair:2   | Identified the +1 ring mail "Qaejeeby" {rC++} (You found it on level 9 of the Dungeon)
 20337 | Lair:2   | Received a gift from Okawaru
 20361 | Lair:2   | Found a hole to the Spider Nest.
 20377 | Lair:2   | Reached XP level 13. HP: 99/101 MP: 20/22
 20869 | Lair:2   | Found a staircase to the Swamp.
 22444 | Lair:4   | Reached skill level 10 in Fighting
 22458 | Lair:4   | Received a gift from Okawaru
 23047 | Lair:4   | Received a gift from Okawaru
 23394 | Lair:5   | Noticed Snorg
 24066 | Lair:6   | Entered Level 6 of the Lair of Beasts
 24154 | Lair:6   | Found a runed door.
 24159 | Lair:6   | Found a viscous altar of Jiyva.
 24159 | Lair:6   | Noticed an acid blob
 24160 | Lair:6   | Found a staircase to the Slime Pits.
 24160 | Lair:6   | Noticed an acid blob
 24214 | Lair:6   | Reached XP level 14. HP: 103/110 MP: 26/26
 24236 | Lair:6   | Found a labyrinth entrance.
 24247 | Lab      | Entered a labyrinth
 24415 | Lab      | Reached skill level 10 in Armour
 24454 | Lab      | Got an ancient ring mail
 24483 | Lair:6   | Reached skill level 10 in Dodging
 24593 | Lair:6   | Received a gift from Okawaru
 24674 | Lair:6   | Reached skill level 1 in Staves
 25136 | Lair:6   | Reached skill level 5 in Staves
 25618 | Lair:6   | Received a gift from Okawaru
 25668 | Lair:6   | Identified the +1 ring mail of Dogmatism {Regen+ Int+4} (You found it in a labyrinth)
 25732 | Lair:6   | Found a runed door.
 25879 | Lair:5   | Received a gift from Okawaru
 26099 | Lair:5   | Learned a level 2 spell: Swiftness
 26158 | Lair:5   | Received a gift from Okawaru
 26229 | Lair:5   | Reached skill level 1 in Air Magic
 26522 | Lair:5   | Learned a level 4 spell: Airstrike
 26625 | Lair:5   | Reached skill level 1 in Charms
 26831 | Lair:5   | Killed Snorg
 27185 | Lair:6   | Received a gift from Okawaru
 27185 | Lair:6   | Reached XP level 15. HP: 107/115 MP: 27/27
 27203 | Lair:6   | Reached skill level 5 in Air Magic
 27478 | Lair:6   | Received a gift from Okawaru
 28389 | Lair:6   | Received a gift from Okawaru
 28719 | D:10     | Killed mcbry's ghost
 29007 | D:9      | Killed Gastronok
 29094 | D:6      | Bought a scroll of acquirement for 676 gold pieces
 29095 | D:6      | Got a brightly glowing glass ring
 29097 | D:6      | Identified the ring of Geptov {MR+ Slay+3} (You acquired it on level 6 of the Dungeon)
 29344 | D:11     | Received a gift from Okawaru
 29756 | D:12     | Received a gift from Okawaru
 30038 | D:13     | Found a gate to the Vaults.
 30038 | D:13     | Noticed Nessos
 30038 | D:13     | Noticed Rupert
 30077 | Orc:1    | Entered Level 1 of the Orcish Mines
 30273 | Orc:2    | Entered Level 2 of the Orcish Mines
 30443 | Orc:2    | Found a staircase to the Elven Halls.
 30779 | Orc:2    | Received a gift from Okawaru
 30828 | Orc:2    | Found a roughly hewn altar of Beogh.
 31036 | Orc:2    | Found a roughly hewn altar of Beogh.
 31063 | Orc:2    | Found Diokhana's Antique Armour Shop.
 31277 | Orc:2    | Found Seesm's Food Shop.
 31332 | Orc:2    | Found a roughly hewn altar of Beogh.
 31445 | Orc:2    | Found a roughly hewn altar of Beogh.
 31463 | Orc:2    | Found Waix's Distillery.
 31621 | Orc:2    | Noticed an orc warlord
 31696 | Orc:2    | Received a gift from Okawaru
 31787 | Orc:2    | Found Zoxioq's Antique Armour Emporium.
 31789 | Orc:2    | Found a roughly hewn altar of Beogh.
 31792 | Orc:2    | Found Ohoxa's Antique Weapon Shoppe.
 31939 | Orc:2    | Bought a pair of pitted gloves for 161 gold pieces
 31953 | Orc:2    | Identified the +2 pair of gloves of Trog {*Slow +Inv rF+ Int+2} (You bought it in a shop on level 2 of the Orcish Mines)
 32046 | Orc:2    | Bought a faintly glowing scimitar for 225 gold pieces
 32046 | Orc:2    | Identified the +8 scimitar "Xijill Okhu" {slice, rPois Int+2} (You bought it in a shop on level 2 of the Orcish Mines)
 32145 | Orc:2    | Bought a potion of invisibility for 120 gold pieces
 32360 | D:7      | Bought a wand of disintegration (13/24) for 255 gold pieces
 32552 | Swamp:1  | Entered Level 1 of the Swamp
 32630 | Swamp:1  | Reached XP level 16. HP: 108/122 MP: 29/29
 32658 | Swamp:1  | Received a gift from Okawaru
 33304 | Swamp:1  | Received a gift from Okawaru
 33365 | Swamp:1  | Noticed a thorn hunter
 33387 | Swamp:1  | Killed a thorn hunter
 33769 | Swamp:2  | Upgraded the game from 0.21-a0-15-g606531c to 0.21-a0-19-g210df22
 34174 | Swamp:2  | Noticed Frances
 34255 | Swamp:2  | Received a gift from Okawaru
 34430 | Swamp:2  | Reached skill level 10 in Staves
 34430 | Swamp:2  | Reached skill level 10 in Spellcasting
 34659 | Spider:1 | Entered Level 1 of the Spider Nest
 34686 | Spider:1 | Reached skill level 10 in Slings
 35007 | Spider:1 | Received a gift from Okawaru
 35178 | Spider:1 | Received a gift from Okawaru
 35179 | Spider:1 | Got a faintly glowing robe {god gift}
 35373 | Spider:1 | Reached ****** piety under Okawaru
 37031 | Spider:2 | Reached XP level 17. HP: 88/128 MP: 31/31
 37354 | Spider:3 | Reached skill level 10 in Stealth
 37814 | Spider:3 | Received a gift from Okawaru
 38012 | Spider:3 | Got a jet-encrusted ring mail
 38311 | Spider:3 | Received a gift from Okawaru
 38460 | Spider:3 | Identified the +1 robe of Mutualism {rN+ rCorr} (Okawaru gifted it to you on level 1 of the Spider Nest)
 38471 | Spider:3 | Identified the +3 ring mail of Mental Paralysis {rPois rC+ Regen+ Int+3} (You found it on level 3 of the Spider Nest)
 38550 | Spider:4 | Entered Level 4 of the Spider Nest
 39314 | Spider:4 | Noticed Arachne
 39447 | Lair:1   | Learned a level 3 spell: Confuse
 39451 | Lair:1   | Learned a level 3 spell: Gell's Gravitas
 39842 | D:14     | Reached skill level 5 in Translocations
 39896 | D:14     | Reached skill level 5 in Hexes
 40083 | D:14     | Noticed Josephine
 40098 | D:14     | Killed Josephine
 40125 | D:14     | Found a flagged portal.
 40130 | Bailey   | Entered a bailey
 40892 | D:14     | Learned a level 4 spell: Summon Lightning Spire
 41052 | D:15     | Entered Level 15 of the Dungeon
 41057 | D:15     | Found a shadowy altar of Dithmenos.
 41156 | D:15     | Reached skill level 1 in Summonings
 41333 | D:15     | Noticed Agnes
 41383 | D:15     | Found a staircase to the Depths.
 41386 | D:15     | Received a gift from Okawaru
 41538 | D:15     | Received a gift from Okawaru
 41785 | D:15     | Found a shattered altar of Ashenzari.
 42340 | D:15     | Killed Agnes
 42340 | D:15     | Reached XP level 18. HP: 100/138 MP: 30/32
 42529 | D:13     | Reached skill level 5 in Summonings
 42635 | D:13     | Received a gift from Okawaru
 42908 | D:13     | Killed Rupert
 43257 | D:13     | Killed Nessos
 43969 | D:6      | Bought a potion of might for 48 gold pieces
 43969 | D:6      | Bought a potion of heal wounds for 60 gold pieces
 43969 | D:6      | Bought 2 potions of haste for 240 gold pieces
 43969 | D:6      | Bought a potion of berserk rage for 60 gold pieces
 43969 | D:6      | Bought a potion of flight for 36 gold pieces
 44078 | D:9      | Bought a potion of agility for 48 gold pieces
 44078 | D:9      | Bought a potion of haste for 120 gold pieces
 44078 | D:9      | Bought a potion of heal wounds for 60 gold pieces
 44078 | D:9      | Bought a potion of might for 48 gold pieces
 45122 | Swamp:2  | Received a gift from Okawaru
 45333 | Swamp:2  | Reached skill level 5 in Necromancy
 45650 | Swamp:2  | Got an ancient broad axe
 46364 | Swamp:4  | Entered Level 4 of the Swamp
 46821 | Swamp:4  | Received a gift from Okawaru
 46842 | Swamp:4  | Received a gift from Okawaru
 47277 | Swamp:4  | Received a gift from Okawaru
 47588 | Swamp:4  | Got a scorched ring mail {god gift}
 48164 | Swamp:4  | Got a decaying rune of Zot
 48694 | Depths:1 | Entered Level 1 of the Depths
 48822 | D:15     | Identified the +1 ring mail "Lujyuwor" {rPois MR+} (Okawaru gifted it to you on level 4 of the Swamp)
 48948 | D:9      | Killed Grum
 49253 | Vaults:1 | Entered Level 1 of the Vaults
 49404 | Vaults:1 | Reached XP level 19. HP: 129/143 MP: 33/33
 50340 | Vaults:1 | Received a gift from Okawaru
 50570 | Vaults:1 | Identified the Reference Book on the Vitriolic Frostbite
 50677 | Vaults:1 | Received a gift from Okawaru
 50879 | Vaults:1 | Received a gift from Okawaru
 51725 | Vaults:2 | Reached skill level 11 in Long Blades
 51780 | Vaults:2 | Reached skill level 10 in Necromancy
 51957 | Vaults:2 | Reached skill level 10 in Shields
 52275 | Vaults:2 | Received a gift from Okawaru
 52285 | Vaults:2 | Reached XP level 20. HP: 134/150 MP: 34/34
 52306 | Vaults:2 | Got an encrusted plate armour {god gift}
 53401 | Vaults:2 | Found a staircase to the Crypt.
 53955 | Vaults:2 | Received a gift from Okawaru
 54657 | Vaults:2 | Received a gift from Okawaru
 54717 | Vaults:2 | Reached skill level 10 in Air Magic
 55116 | Vaults:2 | Identified the +4 plate armour "Onympuj" {rN+} (Okawaru gifted it to you on level 2 of the Vaults)
 55327 | Elf:1    | Entered Level 1 of the Elven Halls
 55624 | Elf:1    | Found Xulokek's Distillery.
 56346 | Elf:1    | Received a gift from Okawaru
 57120 | Elf:2    | Reached XP level 21. HP: 145/156 MP: 35/35
 57617 | Elf:2    | Reached skill level 10 in Evocations
 57633 | Elf:2    | Found a huge runed gate.
 57641 | Elf:2    | Found a huge runed gate.
 57642 | Elf:2    | Found a huge runed gate.
 57644 | Elf:2    | Found a huge runed gate.
 57644 | Elf:2    | Found a huge runed gate.
 58023 | D:6      | Bought 3 scrolls of teleportation for 126 gold pieces
 58506 | Depths:1 | Received a gift from Okawaru
 58903 | Depths:1 | Received a gift from Okawaru
 59040 | Depths:1 | Received a gift from Okawaru
 59670 | Depths:1 | Found a gateway to Hell.
 59870 | Depths:1 | Reached skill level 12 in Long Blades
 60207 | Depths:2 | Found a gateway to a ziggurat.
 60230 | Depths:2 | Noticed Saint Roka
 60264 | Depths:2 | Received a gift from Okawaru
 60599 | Vaults:3 | Reached XP level 22. HP: 45/163 MP: 36/36
 60856 | Vaults:3 | Received a gift from Okawaru
 60869 | Vaults:3 | Got a dazzling lajatang {god gift}
 60875 | Vaults:3 | Identified the +7 lajatang of Toqo Kaa {protect, rElec rPois MR++ Dex-2} (Okawaru gifted it to you on level 3 of the Vaults)
 61914 | Vaults:3 | Received a gift from Okawaru
 62332 | D:9      | Bought a +3 fustibalus of flaming for 660 gold pieces
 62748 | Vaults:4 | Received a gift from Okawaru
 63086 | Vaults:4 | Received a gift from Okawaru
 63309 | Vaults:4 | Received a gift from Okawaru
 64003 | Vaults:4 | Cast into level 2 of the Abyss (a deep elf sorcerer)
 64025 | Vaults:4 | Escaped the Abyss
 64836 | Depths:2 | Received a gift from Okawaru
 65049 | Depths:2 | Noticed Sojobo
 65860 | Depths:2 | Reached XP level 23. HP: 171/171 MP: 37/37
 66234 | Depths:3 | Found a one-way gate leading to the halls of Pandemonium.
 66647 | Depths:3 | Received a gift from Okawaru
 67268 | Depths:3 | Received a gift from Okawaru
 67845 | Depths:4 | Found a sparkling altar of Nemelex Xobeh.
 68211 | Depths:4 | Received a gift from Okawaru
 68236 | Depths:4 | Noticed Louise
 68237 | Depths:4 | Found a one-way gate to the infinite horrors of the Abyss.
 68272 | Depths:4 | Killed Louise
 68372 | Depths:4 | Received a gift from Okawaru
 69043 | Elf:1    | Bought a potion of berserk rage for 70 gold pieces
 69043 | Elf:1    | Bought a potion of haste for 140 gold pieces
 69514 | Spider:4 | Killed Arachne
 69599 | Spider:4 | Received a gift from Okawaru
 69753 | Spider:4 | Noticed Aizul
 70129 | Spider:4 | Received a gift from Okawaru
 70168 | Spider:4 | Learned a level 2 spell: Blink
 70207 | Spider:4 | Killed Aizul
 70258 | Spider:4 | Reached skill level 13 in Long Blades
 70553 | Spider:4 | Reached XP level 24. HP: 109/178 MP: 37/37
 71165 | Spider:4 | Got a gossamer rune of Zot
 72298 | Slime:1  | Entered Level 1 of the Pits of Slime
 72445 | Slime:5  | Entered Level 5 of the Pits of Slime
 72993 | Slime:4  | Received a gift from Okawaru
 73050 | Slime:5  | Paralysed by a floating eye for 3 turns
 73954 | Slime:5  | Received a gift from Okawaru
 73960 | Slime:5  | Got a steaming scarf {god gift}
 73983 | Slime:5  | Identified the scarf of Tuexaocs {rPois rCorr Int-2} (Okawaru gifted it to you on level 5 of the Pits of Slime)
 74145 | Slime:5  | Noticed the Royal Jelly
 74196 | Slime:5  | Found a viscous altar of Jiyva.
 74256 | Slime:5  | Killed the Royal Jelly
 74411 | Slime:5  | Got a slimy rune of Zot
 74448 | Slime:5  | Paralysed by a great orb of eyes for 6 turns
 74458 | Slime:5  | Reached skill level 14 in Long Blades
 74463 | Slime:5  | Identified the Volume of the Traveller and Beguiling
 75500 | Depths:2 | Killed Sojobo
 75500 | Depths:2 | Reached XP level 25. HP: 89/184 MP: 37/37
 75899 | Depths:2 | Found Dehiemou's Jewellery Shoppe.
 75899 | Depths:2 | Found Afrutteh's Gadget Boutique.
 75900 | Depths:2 | Found Heqis's Jewellery Shoppe.
 75914 | Depths:2 | Bought the amulet "Jociebir" {Reflect Int+4 SH+6} for 1330 gold pieces
 76020 | Depths:2 | Killed Saint Roka
 76895 | Depths:4 | Noticed Xtahua
 77116 | Depths:4 | Learned a level 3 spell: Tukima's Dance
 77654 | Depths:4 | Received a gift from Okawaru
 77739 | Depths:4 | Identified Umogomiq's Volume of Augmentations and Creation
 77743 | Depths:4 | Learned a level 2 spell: Song of Slaying
 77750 | Depths:4 | Learned a level 6 spell: Shadow Creatures
 78453 | Depths:5 | Entered Level 5 of the Depths
 79049 | Depths:5 | Reached skill level 10 in Summonings
 79333 | Depths:5 | Received a gift from Okawaru
 79444 | Depths:5 | Found a corrupted altar of Lugonu.
 79739 | Depths:2 | Bought the ring of Boukijo {rElec rC- AC+2 Int+2 Slay+3} for 608 gold pieces
 79947 | Depths:5 | Found a gate to the Realm of Zot.
 79982 | Zot:1    | Entered Level 1 of the Realm of Zot
 80131 | Depths:5 | Received a gift from Okawaru
 80131 | Depths:5 | Reached XP level 26. HP: 91/191 MP: 37/37
 80634 | Zot:1    | Received a gift from Okawaru
 80679 | Zot:1    | Got a pair of scorched boots {god gift}
 80680 | Zot:1    | Identified the +2 pair of boots of Cekus {Slay+3} (Okawaru gifted it to you on level 1 of the Realm of Zot)
 81330 | Zot:1    | Got a pitted shield
 81336 | Zot:1    | Identified the cursed +0 shield of Ople {rElec rCorr Str+2 Int-4} (You found it on level 1 of the Realm of Zot)
 81846 | Zot:1    | Identified the ring of Iwnuj {rElec rC+ MP+9} (You found it on level 1 of the Realm of Zot)
 82155 | Zot:2    | Noticed an orb of fire
 83026 | Zot:3    | Received a gift from Okawaru
 83704 | Zot:3    | Received a gift from Okawaru
 83902 | Zot:5    | Entered Level 5 of the Realm of Zot
 84124 | Zot:5    | Reached XP level 27. HP: 186/197 MP: 37/37
 84169 | Zot:5    | Noticed Vajrapani's ghost (legendary OpEE)
 84191 | Zot:5    | Killed Vajrapani's ghost
 84690 | Zot:4    | Received a gift from Okawaru
 86226 | Zot:4    | Received a gift from Okawaru
 86519 | Zot:4    | Received a gift from Okawaru
 86702 | Zot:4    | Learned a level 5 spell: Silence
 86803 | Zot:4    | Received a gift from Okawaru
 87017 | Zot:2    | Gained mutation: Scrolls take you a little longer to read. [an orb of fire]
 87026 | Zot:2    | Gained mutation: You occasionally shout uncontrollably at your foes. [an orb of fire]
 87027 | Zot:2    | Killed an orb of fire
 87219 | Zot:3    | Noticed an orb of fire
 87221 | Zot:3    | Received a gift from Okawaru
 87645 | Orc:2    | Bought a potion of heal wounds for 75 gold pieces
 87645 | Orc:2    | Bought a potion of haste for 150 gold pieces
 88036 | Zig:1    | Entered Level 1 of a ziggurat
 88313 | Zig:2    | Entered Level 2 of a ziggurat
 88343 | Zig:2    | Got a coiled steel ring
 88344 | Zig:2    | Identified Beuneulu's Volume of Earthen Snow
 88349 | Zig:2    | Learned a level 2 spell: Passwall
 88352 | Zig:2    | Identified the cursed ring of Autumn {Dex-4 SInv} (You found it on level 2 of a ziggurat)
 88526 | Zot:2    | HP: 1/201 [deathcap/drain life[a curse toe] (11)]
 88540 | Zot:2    | HP: 1/201 [deathcap/drain life[a curse toe] (17)]
 88911 | Zot:4    | Reached skill level 1 in Transmutations
 88911 | Zot:4    | Reached skill level 1 in Earth Magic
 89194 | Zot:5    | Received a gift from Okawaru
 89241 | Zot:5    | Noticed an ancient lich
 89297 | Zot:5    | Killed an ancient lich
 89339 | Zot:5    | Received a gift from Okawaru
 89416 | Zot:5    | Noticed an orb of fire
 89453 | Zot:5    | HP: 4/201 [Orb Guardian (37)]
 89455 | Zot:5    | Mangled by a death cob

Vault maps used:
D:1:      lemuel_arrival_lava_pool, glass_columns_a
D:2:      nicolae_ru_great_annihilating_truth, uniq_robin
D:3:      portal_sewer_entry_e
D:4:      minmay_temple_entry_mist, first_bread, uniq_duvessa
D:5:      minmay_fountain_box, grunt_ministairs_14
D:6:      serial_shops, nicolae_shop_waterfront, nicolae_shop_window_shopping,
          kennysheep_little_box, kennysheep_mini_moat
D:7:      serial_shops, shop, uniq_menkaure
D:8:      nicolae_qazlal_eye_of_the_storm, bloody_makhleb,
          nicolae_overflow_hidden_temple, blue_anna_alchemist
D:9:      marbit_many_paths, serial_shops, nicolae_shop_behind_doors, shop,
          shop, shop, minmay_misc_feat_room, uniq_gastronok, uniq_grum
D:10:     minmay_lair_entry_grove
D:11:     kennysheep_spiral_hall, orc_0_dummy
D:13:     minmay_distorted_concentric_squares, david_vaults_3
D:14:     enter_bailey_3, uniq_josephine
D:15:     hangedman_depths_entry_try_elsewhere_first, evilmike_ruin_ashenzari,
          grunt_dithmenos_smoke, uniq_agnes
Temple:   regret_index_temple_sphere_string
Lair:1:   cheibrodos_lair_lostbears, grunt_megastairs_3, lemuel_fruit_fields
Lair:2:   nicolae_swamp_entry_splash_gauntlet,
          nicolae_spider_entry_tight_spaces, portal_ice_cave_entry_pillars_1,
          uniq_erica
Lair:3:   small_statue_intersection, lemuel_another_geyser,
          infiniplex_staircase_pool
Lair:4:   onia_ninara_swampy_vault, st_stairs_6, nicolae_quartered_pool_medium,
          minivault_27, lemuel_fruit_tree
Lair:5:   minmay_lair_venomous_thicket, beast_lair_carwin_6, uniq_snorg
Lair:6:   wormcave, hangedman_lair_caniforms_friends, slime_altar_2,
          lab_entry_generic, serial_bayou_pond_b
Swamp:1:  nicolae_swamp_very_dense_foliage, swamp_pool1
Swamp:2:  nicolae_swamp_orc_logging_accident, uniq_frances
Swamp:3:  evilmike_swamp_ruin_rubble_1
Swamp:4:  swamp
Spider:2: spider_trap
Spider:3: nicolae_spider_mines_3
Spider:4: grunt_spider_rune_circles, uniq_arachne, uniq_aizul
Slime:1:  basic_altar
Slime:2:  cheibrodos_slime_lost_civilization_6
Orc:2:    grunt_orc_community_town_hall, grunt_orc_community_big_house_2,
          grunt_orc_community_big_house_2, grunt_orc_community_house_2,
          grunt_orc_community_house_3, grunt_orc_community_house_1,
          grunt_orc_community_house_1, grunt_orc_community_house_3,
          grunt_orc_community_house_1, serial_shops, shop
Elf:1:    eino_elf_arrival_customs, serial_shops, shop, hangedman_elf_represent,
          kilobyte_rumbling_trees
Vaults:1: hangedman_vaults_locks, hangedman_vaults_slither,
          grunt_vaults_hallway_short, st_spiral_rooms, vaults_dpeg_ring,
          hangedman_vaults_maws
Vaults:2: nicolae_vaults_rhombus_5, grunt_vaults_bifocal,
          nicolae_vaults_angled_halls, nicolae_vaults_puzzle_piece, v_rooms_4,
          v_rooms_6, minmay_crypt_entry_simple_round,
          nicolae_vaults_border_crossing, hangedman_vaults_nails,
          vaults_standard_mumra_x, vaults_room_pools,
          hangedman_vaults_stretched_pinwheel
Vaults:3: v_pattern_1, v_rooms_5, v_rooms_5, nicolae_vaults_hallways_thing,
          nicolae_vaults_display_case
Vaults:4: nicolae_vaults_disjoint_gnomons, vaults_standard_mumra_lines,
          vaults_mumra_lcd, nicolae_vaults_twisting_passages,
          nicolae_vaults_little_ls, vaults_room_large_hall,
          nicolae_vaults_rhombus_7, vaults_dpeg_cross, v_pattern_5,
          nicolae_vaults_little_squares_1, v_misc_28, v_misc_19,
          vaults_room_semicircle, ontoclasm_vaults_eye
Depths:1: minmay_door_square, grunt_hell_entry_dis_grunt,
          minmay_misc_feat_pillars, minmay_crystal_room,
          minmay_misc_feat_encased, onia_ninara_cookie
Depths:2: minmay_mutant_horseshoe, enter_ziggurat_e, hell_entry,
          hangedman_decor_diamond_cutter, hex_medium, basic_stair_grate_trap,
          serial_bayou_shore_b, minmay_staircase_windowed_small,
          serial_bayou_shore_b, minmay_shop_grove, uniq_sojobo, uniq_saint_roka
Depths:3: minmay_box_of_statues, grunt_hell_horde, pan_entry,
          minmay_misc_feat_five
Depths:4: minmay_box_of_curves, hell_entry, nemelex_xobeh_ov_fountains_minmay,
          nicolae_abyss_entry_one_way_or_another, infiniplex_staircase_9_rooms,
          uniq_xtahua
Depths:5: grunt_zot_entry_tricorne, hell_entry, hangedman_abyss_or_decor_slice,
          abyss_entry_flame_altar
Zot:3:    nicolae_moth_party
Abyss:2:  abyss_exit_lava
Lab:      labyrinth_hidden_loot
Bailey:   bailey_axe_4, bailey
IceCv:    ice_cave_small_necro

Skill      XL: |  1  2  3  4  5  6  7  8  9 10 11 12 13 14 15 16 17 18 19 20 21 22 23 24 25 26 27 |
---------------+----------------------------------------------------------------------------------+-----
Long Blades    | 4 5 6 7 8 9 10 11 12 13 14 | 14.0
Armour         | 1 3 5 6 8 9 10 11 | 11.0
Dodging        | 1 3 4 6 8 9 10 11 | 11.0
Fighting       | 6 8 9 10 11 12 13 | 13.3
Slings         | 4 6 8 9 10 | 10.0
Stealth        | 4 7 8 9 10 | 10.0
Evocations     | 6 7 8 9 10 | 10.0
Invocations    | 6 8 9 |  9.1
Spellcasting   | 5 6 8 9 10 | 10.0
Shields        | 6 8 10 11 12 13 | 13.0
Necromancy     | 4 8 10 11 12 | 12.1
Hexes          | 4 6 9 |  9.0
Translocations | 4 6 |  6.0
Staves         | 8 9 11 | 11.0
Air Magic      | 4 7 8 10 | 10.0
Charms         | 4 |  4.0
Summonings     | 4 8 11 12 | 12.1
Transmutations | 2 |  2.4
Earth Magic    | 2 |  2.2
Fire Magic     | |  3.2

Action                   |  1- 3 |  4- 6 |  7- 9 | 10-12 | 13-15 | 16-18 | 19-21 | 22-24 | 25-27 || total
-------------------------+-------+-------+-------+-------+-------+-------+-------+-------+-------++-------
Melee: Falchion          |   118 |   232 |   275 |       |       |       |       |       |       ||   625
       Bite              |     9 |    34 |    65 |   179 |   303 |   368 |   391 |   456 |   389 ||  2194
       Long sword        |       |       |   187 |   693 |       |       |       |       |       ||   880
       Scimitar          |       |       |       |   308 |  1750 |  1814 |       |       |       ||  3872
       Demon blade       |       |       |       |       |       |   186 |  2106 |  2388 |  1952 ||  6632
       Punch             |       |       |       |       |       |     4 |       |       |       ||     4
       Lajatang          |       |       |       |       |       |       |       |    17 |       ||    17
 Fire: Hunting sling     |       |       |    28 |    26 |    81 |   129 |    12 |       |       ||   276
       Blowgun           |       |       |     4 |       |       |       |       |       |       ||     4
       Fustibalus        |       |       |       |       |       |       |       |    88 |    41 ||   129
Throw: Tomahawk          |       |       |       |       |       |     1 |       |       |       ||     1
 Cast: Animate Skeleton  |       |       |       |     1 |       |       |       |       |       ||     1
       Summon Lightning  |       |       |       |       |       |     1 |     1 |       |       ||     2
       Airstrike         |       |       |       |       |       |    24 |       |       |     4 ||    28
       Swiftness         |       |       |       |       |       |       |       |     4 |     1 ||     5
       Shadow Creatures  |       |       |       |       |       |       |       |       |     3 ||     3
Invok: Heroism           |       |       |       |    21 |    47 |    39 |    29 |    28 |    30 ||   194
       Finesse           |       |       |       |     2 |     3 |     1 |       |     3 |       ||     9
Evoke: Wand              |       |       |       |    17 |    16 |    26 |    11 |     3 |       ||    73
       Box of beasts     |       |       |       |       |       |       |       |    11 |       ||    11
       Fan of gales      |       |       |       |       |       |       |       |     2 |       ||     2
       Lamp of fire      |       |       |       |       |       |       |       |     2 |       ||     2
       Phantom mirror    |       |       |       |       |       |       |       |       |     1 ||     1
  Use: Potion            |     3 |       |     5 |     3 |     8 |     7 |     3 |     9 |    22 ||    60
       Scroll            |     2 |       |    13 |    12 |    11 |    19 |    10 |     9 |    23 ||    99
 Stab: Sleeping          |     2 |       |     6 |     9 |    13 |    29 |    20 |    16 |     9 ||   104
       Paralysed         |       |     2 |       |       |       |       |       |       |       ||     2
       Distracted        |       |       |     1 |     5 |     8 |     9 |     9 |     9 |     9 ||    50
       Invisible         |       |       |       |       |    13 |       |       |     5 |       ||    18
  Eat: Chunk             |     1 |     9 |    20 |    25 |    39 |    47 |    38 |    35 |    39 ||   253
       Fruit             |       |       |     1 |     5 |     3 |    16 |     1 |    18 |     9 ||    53
       Bread ration      |       |       |       |     1 |       |       |       |       |       ||     1
Armor: Robe              |     7 |       |       |       |       |       |       |       |       ||     7
       Scale mail        |    45 |    94 |    45 |       |       |       |       |       |       ||   184
       Ring mail         |       |       |    88 |   255 |   364 |   827 |   399 |   654 |   387 ||  2974
       Skin              |       |       |       |       |     8 |       |       |       |       ||     8
Dodge: Dodged            |    56 |   114 |   296 |   571 |  1114 |  1674 |   871 |  1210 |   722 ||  6628
Block: Buckler           |       |       |       |   286 |   512 |   643 |       |       |       ||  1441
       Shield            |       |       |       |       |       |    20 |   933 |  1342 |  1343 ||  3638
       Reflection        |       |       |       |       |       |       |       |       |    31 ||    31
       Other             |       |       |       |       |       |       |       |       |     1 ||     1
       Rpst.: Falchion   |    15 |    39 |    49 |       |       |       |       |       |       ||   103
       Long sword        |       |       |    42 |   120 |       |       |       |       |       ||   162
       Scimitar          |       |       |       |    31 |   290 |   355 |       |       |       ||   676
       Demon blade       |       |       |       |       |       |    50 |   169 |   234 |    89 ||   542
